 Dungeon Crawl Stone Soup version 0.18.1-48-g4cf74bf (webtiles) character file.

458 nikopol the Poker (level 6, -9/56 HPs)
             Began as a Minotaur Berserker on July 25, 2016.
             Was a Priest of Trog.
             Splashed by an oklob plant's acid (15 damage)
             ... on level 3 of the Dungeon.
             The game lasted 00:07:26 (2434 turns).

nikopol the Poker (Minotaur Berserker)              Turns: 2434, Time: 00:07:27

Health: -9/56      AC:  4    Str: 21    XL:     6   Next: 77%
Magic:  5/5        EV: 11    Int:  4    God:    Trog [***...]
Gold:   174        SH:  0    Dex: 12    Spells: 0 memorised, 5 levels left

rFire  + . .     SeeInvis .     a - +0 spear
rCold  x . .     Gourm    .     t - +0 scale mail
rNeg   . . .     Faith    .     (no shield)
rPois  .         Spirit   .     (helmet restricted)
rElec  .         Dismiss  .     q - +0 cloak
rCorr  .         Reflect  .     (no gloves)
SustAt .         Harm     .     (no boots)
MR     ++...                    k - amulet of inaccuracy (curse)
Stlth  ..........               (no ring)
                                x - ring of fire

@: corroded, regenerating, very resistant to hostile enchantments, extremely
unstealthy
A: retaliatory headbutt, horns 2
a: Berserk, Trog's Hand, Burn Spellbooks, Renounce Religion


You were on level 3 of the Dungeon.
You worshipped Trog.
Trog was most pleased with you.
You were very hungry.

You visited 1 branch of the dungeon, and saw 3 of its levels.

You collected 174 gold pieces.

Inventory:

Hand Weapons
 a - a +0 spear (weapon)
Missiles
 h - 24 arrows (quivered)
Armour
 b - a +0 animal skin
 g - a +0 ring mail
 q - a +0 cloak (worn)
 t - a +0 scale mail (worn)
Jewellery
 k - a cursed amulet of inaccuracy (around neck)
 x - a ring of fire (left hand)
Wands
 s - a wand of flame (30/48)
Scrolls
 d - 2 scrolls of magic mapping {unknown}
 e - 4 scrolls of identify {unknown}
 j - 2 scrolls of teleportation {unknown}
 l - a scroll of remove curse {unknown}
 n - a scroll of amnesia {unknown}
 v - a scroll of enchant weapon {unknown}
Potions
 f - a potion of berserk rage {unknown}
 i - a potion of magic {unknown}
 o - a potion of degeneration {unknown}
 r - 2 potions of curing {unknown}
Comestibles
 c - 3 bread rations
 m - a meat ration
 p - 21 fruits


   Skills:
 + Level 5.4 Fighting
 + Level 5.6 Polearms
 + Level 4.9 Armour
 + Level 4.3 Dodging


You had 5 spell levels left.
You didn't know any spells.

Dungeon Overview and Level Annotations

Branches:
Dungeon (3/15)

Altars:
Fedhas

Annotations:
D:3 exclusion: oklob plant


Innate Abilities, Weirdness & Mutations

You reflexively headbutt those who attack you in melee.
You have a pair of horns on your head.


Message History

The fungus is almost destroyed.
You barely miss the fungus.
The fungus is almost destroyed.
You hit the fungus. You headbutt the fungus.
The fungus is almost destroyed.
You hit the fungus but do no damage. You headbutt the fungus.
You destroy the fungus!
The oklob plant spits acid at you. The splash of acid hits you!
The acid burns!
Your skin crawls.
You feel resistant to hostile enchantments.
You are feeling very hungry.
The oklob plant spits acid at you. The splash of acid hits you!
The acid corrodes you!
The acid burns!
* * * LOW HITPOINT WARNING * * *
The oklob plant spits acid at you. The splash of acid hits you!
* * * LOW HITPOINT WARNING * * *
The acid burns!
You die...

#.# #.# ##############.# #.#
##..............# #.#
#...............#
#..############.# #..# #.#
######..# ###################
#.......# #P#PP♣P#♣.P.#PPP#.♣P♣
#[#####.###..P@......P♣PPPP.PPP
#.# #...##♣%..%P♣.PPP.PPP.PPP
#.# #####.%.#PPP.P♣PP♣#PP♣#.P
#.# #P♣PPPPP.......P..P♣P #.###
#P#PPP♣..≈≈.≈≈..#P#.♣ #...#
##P.P#..≈≈≈.≈≈≈..♣PPP ###.#
#PPPP..≈≈≈≈.≈≈≈≈..PPP #.#
#P##..≈≈≈≈≈.≈≈≈≈≈.PPP #.#
PP♣.≈≈≈≈...≈≈≈≈.♣.P


You could see an oklob plant.

Vanquished Creatures
  Sigmund (D:3)
  Crazy Yiuf (D:2)
  Jessica (D:3)
  Ijyb (D:3)
  Terence (D:3)
  Natasha (thrice) (D:2)
  An iguana (D:3)
  Robin (D:2)
  3 adders
  A worm (D:3)
  2 giant geckos
  4 bats
  A giant cockroach (D:1)
  16 goblins
  8 hobgoblins
  5 kobolds
  A ball python (D:2)
  4 rats
  4 fungi
  3 plants (D:3)
62 creatures vanquished.

Notes
Turn   | Place    | Note
--------------------------------------------------------------
     0 | D:1      | nikopol the Minotaur Berserker began the quest for the Orb.
     0 | D:1      | Reached XP level 1. HP: 19/19 MP: 0/0
   232 | D:1      | Reached XP level 2. HP: 26/27 MP: 1/1
   617 | D:2      | Reached XP level 3. HP: 27/33 MP: 2/2
   735 | D:2      | Noticed Natasha
   742 | D:2      | Killed Natasha
   746 | D:2      | Noticed Robin
   754 | D:2      | Reached ** piety under Trog
   755 | D:2      | Reached XP level 4. HP: 31/40 MP: 3/3
   768 | D:2      | Killed Robin
  1033 | D:2      | Noticed Natasha
  1044 | D:2      | Killed Natasha
  1304 | D:2      | Noticed Natasha
  1313 | D:2      | Killed Natasha
  1313 | D:2      | Reached XP level 5. HP: 44/47 MP: 4/4
  1360 | D:2      | Noticed Crazy Yiuf
  1367 | D:2      | Killed Crazy Yiuf
  1457 | D:3      | Noticed Terence
  1464 | D:3      | Killed Terence
  1711 | D:3      | Noticed Ijyb
  1719 | D:3      | Reached skill level 5 in Polearms
  1722 | D:3      | Reached *** piety under Trog
  1745 | D:3      | Killed Ijyb
  1745 | D:3      | Reached skill level 5 in Fighting
  1909 | D:3      | Noticed Jessica
  1915 | D:3      | Killed Jessica
  1915 | D:3      | Reached XP level 6. HP: 51/56 MP: 5/5
  2005 | D:3      | Noticed Sigmund
  2030 | D:3      | Killed Sigmund
  2264 | D:3      | Found a blossoming altar of Fedhas.
  2286 | D:3      | Noticed an oklob plant
  2434 | D:3      | Splashed by an oklob plant's acid

Skill      XL: |  1  2  3  4  5  6 |
---------------+-------------------+-----
Polearms       | 4 5 |  5.6
Fighting       | 4 5 |  5.4
Armour         | 3 4 |  4.9
Dodging        | 3 4 |  4.3

Action                   |  1- 3 |  4- 6 || total
-------------------------+-------+-------++-------
Melee: Spear             |    70 |   275 ||   345
       Headbutt          |     5 |    73 ||    78
Invok: Berserk           |       |     5 ||     5
       Trog's Hand       |       |     1 ||     1
  Eat: Fruit             |       |     5 ||     5
       Chunk             |       |     3 ||     3
       Royal jelly       |       |     1 ||     1
Armor: Animal skin       |     4 |       ||     4
       Ring mail         |    12 |    12 ||    24
       Scale mail        |       |    17 ||    17
Dodge: Dodged            |    26 |    61 ||    87
